Workbook

Sheet Приложение 1
I1: Приложение 1 к решению Совета депутатов Белозерьевского сельского поселения Ромодановского муниципального района Республики Мордовия «О внесении изменений в решение Совета депутатов Белозерьевского сельского поселения Ромодановского муниципального района Республики Мордовия от 29 декабря 2022 г № «О бюджете Беложерьевского сельского поселения Ромодановского муниципального района Республики Мордовия на 2023 год и на плановый период 2024 и 2025 годов»
I2: Приложение 3 к решению Совета депутатов Белозерьевского сельского поселения Ромодановского муниципального района Республики Мордовия «О бюджете Белозерьевского сельского поселения Ромодановского муниципального района Республики Мордовия на 2023 год и на плановый период 2024 и 2025 годов»
A3: ВЕДОМСТВЕННАЯ СТРУКТУРА РАСХОДОВ БЮДЖЕТА БЕЛОЗЕРЬЕВСКОГО СЕЛЬСКОГО ПОСЕЛЕНИЯ РОМОДАНОВСКОГО МУНИЦИПАЛЬНОГО РАЙОНА РЕСПУБЛИКИ МОРДОВИЯ НА 2023 ГОД И НА ПЛАНОВЫЙ ПЕРИОД 2024 И 2025 ГОДОВ
I4: (тыс. рублей)
A5: Наименование | B5: Адм | C5: Рз | D5: Прз | E5: Цср | I5: Вр | J5: Сумма
J6: 2023 год | K6: 2024 год | L6: 2025 год
A7: 1 | B7: 2 | C7: 3 | D7: 4 | E7: 5 | F7: 6 | G7: 7 | H7: 8 | I7: 9 | J7: 10 | K7: 11 | L7: 12
A8: Администрация Белозерьевского сельского поселения Ромодановского муниципального района Республики Мордовия | B8: 911 | J8: =J9+J38+J48+J55+J66 -> 4330.6 | K8: =K9+K38+K48+K55+K66+K73 -> 2432.3 | L8: =L9+L38+L48+L55+L66+L73 -> 2557.4
A9: Общегосударственные вопросы | B9: 911 | C9: 01 | J9: =J10+J16+J32 -> 2783.2 | K9: =K10+K16+K32 -> 1407.2 | L9: =L10+L16+L32 -> 1471.4
A10: Функционирование высшего должностного лица субъекта Российской Федерации и муниципального образования | B10: 911 | C10: 01 | D10: 02 | J10: =J11 -> 651 | K10: =K11 -> 600.5 | L10: =L11 -> 565.3
A11: Обеспечение деятельности Администрации Белозерьевского сельского поселения Ромодановского муниципального района Республики Мордовия | B11: 911 | C11: 01 | D11: 02 | E11: 65 | J11: =J12 -> 651 | K11: =K12 -> 600.5 | L11: =L12 -> 565.3
A12: Высшее должностное лицо | B12: 911 | C12: 01 | D12: 02 | E12: 65 | F12: 1 | J12: =J13 -> 651 | K12: =K13 -> 600.5 | L12: =L13 -> 565.3
A13: Расходы на выплаты по оплате труда высшего должностного лица | B13: 911 | C13: 01 | D13: 02 | E13: 65 | F13: 1 | G13: 00 | H13: 41150 | J13: =J14 -> 651 | K13: =K14 -> 600.5 | L13: =L14 -> 565.3
A14: Расходы на выплаты персоналу в целях обеспечения выполнения функций государственными (муниципальными) органами, казенными учреждениями, органами управления государственными внебюджетными фондами | B14: 911 | C14: 01 | D14: 02 | E14: 65 | F14: 1 | G14: 00 | H14: 41150 | I14: 100 | J14: =J15 -> 651 | K14: =K15 -> 600.5 | L14: =L15 -> 565.3
A15: Расходы на выплаты персоналу государственных (муниципальных) органов | B15: 911 | C15: 01 | D15: 02 | E15: 65 | F15: 1 | G15: 00 | H15: 41150 | I15: 120 | J15: 651 | K15: 600.5 | L15: 565.3
A16: Функционирование Правительства Российской Федерации, высших исполнительных органов государственной власти субъектов Российской Федерации, местных администраций | B16: 911 | C16: 01 | D16: 04 | J16: =J17+J27 -> 2082.2 | K16: =K17+K27 -> 756.7 | L16: =L17+L27 -> 856.1
A17: =A11 -> Обеспечение деятельности Администрации Белозерьевского сельского поселения Ромодановского муниципального района Республики Мордовия | B17: 911 | C17: 01 | D17: 04 | E17: 65 | J17: =J18 -> 2080.5 | K17: =K18 -> 754.9 | L17: =L18 -> 854.2
A18: Расходы в рамках обеспечения деятельности Администрации Белозерьевского сельского поселения | B18: 911 | C18: 01 | D18: 04 | E18: 65 | F18: 2 | J18: =J19+J22 -> 2080.5 | K18: =K19+K22 -> 754.9 | L18: =L19+L22 -> 854.2
A19: Расходы на выплаты по оплате труда работников органов местного самоуправления | B19: 911 | C19: 01 | D19: 04 | E19: 65 | F19: 2 | G19: 00 | H19: 41110 | J19: =J20 -> 513 | K19: =K20 -> 524.6 | L19: =L20 -> 520.8
A20: Расходы на выплаты персоналу в целях обеспечения выполнения функций государственными (муниципальными) органами, казенными учреждениями, органами управления государственными внебюджетными фондами | B20: 911 | C20: 01 | D20: 04 | E20: 65 | F20: 2 | G20: 00 | H20: 41110 | I20: 100 | J20: =J21 -> 513 | K20: =K21 -> 524.6 | L20: =L21 -> 520.8
A21: Расходы на выплаты персоналу государственных (муниципальных) органов | B21: 911 | C21: 01 | D21: 04 | E21: 65 | F21: 2 | G21: 00 | H21: 41110 | I21: 120 | J21: 513 | K21: 524.6 | L21: 520.8
A22: Расходы на обеспечение функций органов местного самоуправления | B22: 911 | C22: 01 | D22: 04 | E22: 65 | F22: 2 | G22: 00 | H22: 41120 | J22: =J23+J25 -> 1567.5 | K22: =K23+K25 -> 230.3 | L22: =L23+L25 -> 333.4
A23: Закупка товаров, работ и услуг для обеспечения государственных (муниципальных) нужд | B23: 911 | C23: 01 | D23: 04 | E23: 65 | F23: 2 | G23: 00 | H23: 41120 | I23: 200 | J23: =J24 -> 1555.5 | K23: =K24 -> 223.3 | L23: =L24 -> 331.4
A24: Иные закупки товаров, работ и услуг для обеспечения государственных (муниципальных) нужд | B24: 911 | C24: 01 | D24: 04 | E24: 65 | F24: 2 | G24: 00 | H24: 41120 | I24: 240 | J24: 1555.5 | K24: 223.3 | L24: 331.4
A25: Иные бюджетные ассигнования | B25: 911 | C25: 01 | D25: 04 | E25: 65 | F25: 2 | G25: 00 | H25: 41120 | I25: 800 | J25: =J26 -> 12 | K25: =K26 -> 7 | L25: =L26 -> 2
A26: Уплата налогов, сборов и иных платежей | B26: 911 | C26: 01 | D26: 04 | E26: 65 | F26: 2 | G26: 00 | H26: 41120 | I26: 850 | J26: 12 | K26: 7 | L26: 2
A27: Непрограммные расходы главных распорядителей средств бюджета Белозерьевского сельского поселения Ромодановского муниципального района Республики Мордовия | B27: 911 | C27: 01 | D27: 04 | E27: 89 | J27: =J28 -> 1.7 | K27: =K28 -> 1.8 | L27: =L28 -> 1.9
A28: Непрограммные расходы в рамках обеспечения деятельности главных распорядителей средств бюджета Белозерьевского сельского поселения Ромодановского муниципального района Республики Мордовия | B28: 911 | C28: 01 | D28: 04 | E28: 89 | F28: 1 | J28: =J29 -> 1.7 | K28: =K29 -> 1.8 | L28: =L29 -> 1.9
A29: Осуществление государственных полномочий Республики Мордовия по определению перечня должностных лиц, уполномоченных составлять протоколы об административных правонарушениях, предусмотренных Законом Республики Мордовия от 15 июня 2015 года № 38-З "Об административной ответственности на территории Республики Мордовия" | B29: 911 | C29: 01 | D29: 04 | E29: 89 | F29: 1 | G29: 00 | H29: 77150 | J29: =J30 -> 1.7 | K29: =K30 -> 1.8 | L29: =L30 -> 1.9
A30: Закупка товаров, работ и услуг для обеспечения государственных (муниципальных) нужд | B30: 911 | C30: 01 | D30: 04 | E30: 89 | F30: 1 | G30: 00 | H30: 77150 | I30: 200 | J30: =J31 -> 1.7 | K30: =K31 -> 1.8 | L30: =L31 -> 1.9
A31: Иные закупки товаров, работ и услуг для обеспечения государственных (муниципальных) нужд | B31: 911 | C31: 01 | D31: 04 | E31: 89 | F31: 1 | G31: 00 | H31: 77150 | I31: 240 | J31: 1.7 | K31: 1.8 | L31: 1.9
A32: Резервные фонды | B32: 911 | C32: 01 | D32: 11 | J32: =J33 -> 50 | K32: =K33 -> 50 | L32: =L33 -> 50
A33: Непрограммные расходы главных распорядителей бюджетных средств Белозерьевского сельского поселения Ромодановского муниципального района Республики Мордовия | B33: 911 | C33: 01 | D33: 11 | E33: 89 | J33: =J34 -> 50 | K33: =K34 -> 50 | L33: =L34 -> 50
A34: Непрограммные расходы в рамках обеспечения деятельности главных распорядителей бюджетных средств Белозерьевского сельского поселения Ромодановского муниципального района Республики Мордовия | B34: 911 | C34: 01 | D34: 11 | E34: 89 | F34: 1 | J34: =J35 -> 50 | K34: =K35 -> 50 | L34: =L35 -> 50
A35: Резервный фонд администрации Белозерьевского сельского поселени Ромодановского муниципального района Республики Мордовия | B35: 911 | C35: 01 | D35: 11 | E35: 89 | F35: 1 | G35: 00 | H35: 41180 | J35: =J37 -> 50 | K35: =K37 -> 50 | L35: =L37 -> 50
A36: Иные бюджетные ассигнования | B36: 911 | C36: 01 | D36: 11 | E36: 89 | F36: 1 | G36: 00 | H36: 41180 | I36: 800 | J36: =J37 -> 50 | K36: =K37 -> 50 | L36: =L37 -> 50
A37: Резервные средства | B37: 911 | C37: 01 | D37: 11 | E37: 89 | F37: 1 | G37: 00 | H37: 41180 | I37: 870 | J37: 50 | K37: 50 | L37: 50
A38: Национальная оборона | B38: 911 | C38: 02 | J38: =J39 -> 297.8 | K38: =K39 -> 311.2 | L38: =L39 -> 321.4
A39: Мобилизационная и вневойсковая подготовка | B39: 911 | C39: 02 | D39: 03 | J39: =J40 -> 297.8 | K39: =K40 -> 311.2 | L39: =L40 -> 321.4
A40: Государственная программа повышения эффективности управления государственными финансами Республики Мордовия | B40: 911 | C40: 02 | D40: 03 | E40: 17 | J40: =J41 -> 297.8 | K40: =K41 -> 311.2 | L40: =L41 -> 321.4
A41: Подпрограмма "Повышения эффективности межбюджетных отношений" | B41: 911 | C41: 02 | D41: 03 | E41: 17 | F41: 3 | J41: =J42 -> 297.8 | K41: =K42 -> 311.2 | L41: =L42 -> 321.4
A42: Основное мероприятие "Обеспечение осуществления органами местного самоуправления отдельных государственных полномочий" | B42: 911 | C42: 02 | D42: 03 | E42: 17 | F42: 3 | G42: 02 | J42: =J43 -> 297.8 | K42: =K43 -> 311.2 | L42: =L43 -> 321.4
A43: Осуществление государственных полномочий Российской Федерации по первичного воинскому воинскому учету на территориях, где отсутствуют военные комиссариаты | B43: 911 | C43: 02 | D43: 03 | E43: 17 | F43: 3 | G43: 02 | H43: 51180 | J43: =J46+J44 -> 297.8 | K43: =K46+K44 -> 311.2 | L43: =L46+L44 -> 321.4
A44: Расходы на выплаты персоналу в целях обеспечения выполнения функций государственными (муниципальными) органами, казенными учреждениями, органами управления государственными внебюджетными фондами | B44: 911 | C44: 02 | D44: 03 | E44: 17 | F44: 3 | G44: 02 | H44: 51180 | I44: 100 | J44: =J45 -> 292.8 | K44: =K45 -> 306.2 | L44: =L45 -> 316.4
A45: Расходы на выплаты персоналу государственных (муниципальных) органов | B45: 911 | C45: 02 | D45: 03 | E45: 17 | F45: 3 | G45: 02 | H45: 51180 | I45: 120 | J45: 292.8 | K45: 306.2 | L45: 316.4
A46: Закупка товаров, работ и услуг для обеспечения государственных (муниципальных) нужд | B46: 911 | C46: 02 | D46: 03 | E46: 17 | F46: 3 | G46: 02 | H46: 51180 | I46: 200 | J46: =J47 -> 5 | K46: =K47 -> 5 | L46: =L47 -> 5
A47: Иные закупки товаров, работ и услуг для обеспечения государственных (муниципальных) нужд | B47: 911 | C47: 02 | D47: 03 | E47: 17 | F47: 3 | G47: 02 | H47: 51180 | I47: 240 | J47: 5 | K47: 5 | L47: 5
A48: Национальная экономика | B48: 911 | C48: 04 | J48: =J49 -> 200 | K48: =K49 -> 141.8 | L48: =L49 -> 141.8
A49: Дорожное хозяйство (дорожные фонды) | B49: 911 | C49: 04 | D49: 09 | J49: =J50 -> 200 | K49: =K50 -> 141.8 | L49: =L50 -> 141.8
A50: Муниципальная программа «Комплексного развития транспортной инфраструктуры Белозерьевского сельского поселения Ромодановского муниципального района Республики Мордовия на 2017- 2025 года" | B50: 911 | C50: 04 | D50: 09 | E50: 13 | J50: =J52 -> 200 | K50: =K52 -> 141.8 | L50: =L52 -> 141.8
A51: Основное мероприятие " содействие развитию систем автомобильных дорог общего пользования, регионального и или межмуниципального, а так же местного значения" | B51: 911 | C51: 04 | D51: 09 | E51: 13 | F51: 0 | G51: 01 | J51: =J52 -> 200 | K51: =K52 -> 141.8 | L51: =L52 -> 141.8
A52: Иные межбюджетные трансферты на осуществление полномочий по дорожной деятельности в отношении автомобильных дорог местного значения в границах населенных пунктов поселения и обеспечению безопасности дорожного движения на них, включая создание и обеспечение функционирования парковок (парковочных мест), осуществлению муниципального контроля за сохранностью автомобильных дорог местного значения в границах населенных пунктов поселения, организации дорожного движения, а также осуществлению иных полномочий в области использования автомобильных дорог и осуществления дорожной деятельности в соответствии с законодательством Российской Федерации | B52: 911 | C52: 04 | D52: 09 | E52: 13 | F52: 0 | G52: 01 | H52: 44102 | J52: =J53 -> 200 | K52: =K53 -> 141.8 | L52: =L53 -> 141.8
A53: Закупка товаров, работ и услуг для обеспечения государственных (муниципальных) нужд | B53: 911 | C53: 04 | D53: 09 | E53: 13 | F53: 0 | G53: 01 | H53: 44102 | I53: 200 | J53: =J54 -> 200 | K53: =K54 -> 141.8 | L53: =L54 -> 141.8
A54: Иные закупки товаров, работ и услуг для обеспечения государственных (муниципальных) нужд | B54: 911 | C54: 04 | D54: 09 | E54: 13 | F54: 0 | G54: 01 | H54: 44102 | I54: 240 | J54: 200 | K54: 141.8 | L54: 141.8
A55: Жилищно-коммунальное хозяйство | B55: 911 | C55: 05 | J55: =J56 -> 925 | K55: =K56 -> 397 | L55: =L56 -> 396.9
A56: Благоустройство | B56: 911 | C56: 05 | D56: 03 | J56: =J57 -> 925 | K56: =K57 -> 397 | L56: =L57 -> 396.9
A57: Муниципальная программа "Комплексного развития социальной инфраструктуры Белозерьевского сельского поселения Ромодановского муниципального района Республики Мордовия на 2018-2030 года" | B57: 911 | C57: 05 | D57: 03 | E57: 10 | J57: =J58+J62 -> 925 | K57: =K58+K62 -> 397 | L57: =L62+L58 -> 396.9
A58: Основное мероприятие "Благоустройство территории " | B58: 911 | C58: 05 | D58: 03 | E58: 10 | F58: 0 | G58: 07 | J58: =J59 -> 550 | K58: =K59 -> 208.5 | L58: =L59 -> 203.4
A59: Прочие мероприятия по благоустройству | B59: 911 | C59: 05 | D59: 03 | E59: 10 | F59: 0 | G59: 07 | H59: 43040 | J59: =J60 -> 550 | K59: =K60 -> 208.5 | L59: =L60 -> 203.4
A60: Закупка товаров, работ и услуг для обеспечения государственных (муниципальных) нужд | B60: 911 | C60: 05 | D60: 03 | E60: 10 | F60: 0 | G60: 07 | H60: 43040 | I60: 200 | J60: =J61 -> 550 | K60: =K61 -> 208.5 | L60: =L61 -> 203.4
A61: Иные закупки товаров, работ и услуг для обеспечения государственных (муниципальных) нужд | B61: 911 | C61: 05 | D61: 03 | E61: 10 | F61: 0 | G61: 07 | H61: 43040 | I61: 240 | J61: 550 | K61: 208.5 | L61: 203.4
A62: Основное мероприятие " Освещение территории сельского поселения " | B62: 911 | C62: 05 | D62: 03 | E62: 10 | F62: 0 | G62: 08 | J62: =J63 -> 375 | K62: =K63 -> 188.5 | L62: =L63 -> 193.5
A63: Уличное освещение | B63: 911 | C63: 05 | D63: 03 | E63: 10 | F63: 0 | G63: 08 | H63: 43010 | J63: =J64 -> 375 | K63: =K64 -> 188.5 | L63: =L64 -> 193.5
A64: Закупка товаров, работ и услуг для обеспечения государственных (муниципальных) нужд | B64: 911 | C64: 05 | D64: 03 | E64: 10 | F64: 0 | G64: 08 | H64: 43010 | I64: 200 | J64: =J65 -> 375 | K64: =K65 -> 188.5 | L64: =L65 -> 193.5
A65: Иные закупки товаров, работ и услуг для обеспечения государственных (муниципальных) нужд | B65: 911 | C65: 05 | D65: 03 | E65: 10 | F65: 0 | G65: 08 | H65: 43010 | I65: 240 | J65: 375 | K65: 188.5 | L65: 193.5
A66: Социальная политика | B66: 911 | C66: 10 | J66: =J67 -> 124.6 | K66: =K67 -> 124.6 | L66: =L67 -> 124.6
A67: Пенсионное обеспечение | B67: 911 | C67: 10 | D67: 01 | J67: =J68 -> 124.6 | K67: =K68 -> 124.6 | L67: =L68 -> 124.6
A68: Непрограммные расходы главных распорядителей средств бюджета Белозерьевского сельского поселения Ромодановского муниципального района Республики Мордовия | B68: 911 | C68: 10 | D68: 01 | E68: 89 | J68: =J69 -> 124.6 | K68: =K69 -> 124.6 | L68: =L69 -> 124.6
A69: Непрограммные расходы в рамках обеспечения деятельности главных распорядителей средств бюджета Белозерьевского сельского поселения Ромодановского муниципального района Республики Мордовия | B69: 911 | C69: 10 | D69: 01 | E69: 89 | F69: 1 | J69: =J70 -> 124.6 | K69: =K70 -> 124.6 | L69: =L70 -> 124.6
A70: Доплаты к пенсиям муниципальных служащих Республики Мордовия | B70: 911 | C70: 10 | D70: 01 | E70: 89 | F70: 1 | G70: 00 | H70: 03010 | J70: =J71 -> 124.6 | K70: =K71 -> 124.6 | L70: =L71 -> 124.6
A71: Социальное обеспечение и иные выплаты населению | B71: 911 | C71: 10 | D71: 01 | E71: 89 | F71: 1 | G71: 00 | H71: 03010 | I71: 300 | J71: =J72 -> 124.6 | K71: =K72 -> 124.6 | L71: =L72 -> 124.6
A72: Публичные нормативные социальные выплаты гражданам | B72: 911 | C72: 10 | D72: 01 | E72: 89 | F72: 1 | G72: 00 | H72: 03010 | I72: 310 | J72: 124.6 | K72: 124.6 | L72: 124.6
A73: Условно утвержденные расходы | B73: 911 | C73: 99 | K73: =K75 -> 50.5 | L73: =L74 -> 101.3
A74: Условно утвержденные расходы | B74: 911 | C74: 99 | D74: 99 | K74: =K75 -> 50.5 | L74: =L75 -> 101.3
A75: =A11 -> Обеспечение деятельности Администрации Белозерьевского сельского поселения Ромодановского муниципального района Республики Мордовия | B75: 911 | C75: 99 | D75: 99 | E75: 65 | K75: =K76 -> 50.5 | L75: =L76 -> 101.3
A76: Высшее должностное лицо | B76: 911 | C76: 99 | D76: 99 | E76: 65 | F76: 1 | K76: =K77 -> 50.5 | L76: =L77 -> 101.3
A77: Условно утвержденные расходы | B77: 911 | C77: 99 | D77: 99 | E77: 65 | F77: 1 | G77: 00 | H77: 41990 | K77: =K78 -> 50.5 | L77: =L78 -> 101.3
A78: Иные бюджетные ассигнования | B78: 911 | C78: 99 | D78: 99 | E78: 65 | F78: 1 | G78: 00 | H78: 41990 | I78: 800 | K78: =K79 -> 50.5 | L78: =L79 -> 101.3
A79: Резервные средства | B79: 911 | C79: 99 | D79: 99 | E79: 65 | F79: 1 | G79: 00 | H79: 41990 | I79: 870 | K79: 50.5 | L79: 101.3

Sheet Приложение 2
H1: Приложение 2 к решению Совета депутатов Белозерьевского сельского поселения Ромодановского муниципального района Республики Мордовия «О внесении изменений в решение Совета депутатов Белозерьевского сельского поселения Ромодановского муниципального района Республики Мордовия от 29 декабря 2022 г № «О бюджете Беложерьевского сельского поселения Ромодановского муниципального района Республики Мордовия на 2023 год и на плановый период 2024 и 2025 годов»
H2: Приложение 4 к решению Совета депутатов Белозерьевского сельского поселения Ромодановского муниципального района Республики Мордовия «О бюджете Белозерьевского сельского поселеняи Ромодановского муниципального района Республики Мордовия на 2023 год и на плановый период 2024 и 2025 годов»
A3: РАСПРЕДЕЛЕНИЕ БЮДЖЕТНЫХ АССИГНОВАНИЙ БЮДЖЕТА БЕЛОЗЕРЬЕВСКОГО СЕЛЬСКОГО ПОСЕЛЕНИЯ РОМОДАНОВСКОГО МУНИЦИПАЛЬНОГО РАЙОНА РЕСПУБЛИКИ МОРДОВИЯ ПО РАЗДЕЛАМ, ПОДРАЗДЕЛАМ, ЦЕЛЕВЫМ СТАТЬЯМ (МУНИЦИПАЛЬНЫМ ПРОГРАММАМ И НЕПРОГРАММНЫМ НАПРАВЛЕНИЯМ ДЕЯТЕЛЬНОСТИ), ГРУППАМ И ПОДГРУППАМ ВИДОВ РАСХОДОВ КЛАССИФИКАЦИИ РАСХОДОВ БЮДЖЕТОВ НА 2023 ГОД И НА ПЛАНОВЫЙ ПЕРИОД 2024 И 2025 ГОДОВ
H4: (тыс. рублей)
A5: Наименование | B5: Рз | C5: Прз | D5: Цср | H5: Вр | I5: Сумма
I6: 2023 год | J6: 2024 год | K6: 2025 год
A7: 1 | B7: 2 | C7: 3 | D7: 4 | E7: 5 | F7: 6 | G7: 7 | H7: 8 | I7: 9 | J7: 10 | K7: 11
A8: ВСЕГО | I8: =I9+I38+I48+I55+I66 -> 4330.6 | J8: =J9+J38+J48+J55+J66+J73 -> 2432.3 | K8: =K9+K38+K48+K55+K66+K73 -> 2557.4
A9: Общегосударственные вопросы | B9: 01 | I9: =I10+I16+I32 -> 2783.2 | J9: =J10+J16+J32 -> 1407.2 | K9: =K10+K16+K32 -> 1471.4
A10: Функционирование высшего должностного лица субъекта Российской Федерации и муниципального образования | B10: 01 | C10: 02 | I10: =I11 -> 651 | J10: =J11 -> 600.5 | K10: =K11 -> 565.3
A11: ='Приложение 1'!A11 -> Обеспечение деятельности Администрации Белозерьевского сельского поселения Ромодановского муниципального района Республики Мордовия | B11: 01 | C11: 02 | D11: 65 | I11: =I12 -> 651 | J11: =J12 -> 600.5 | K11: =K12 -> 565.3
A12: Высшее должностное лицо | B12: 01 | C12: 02 | D12: 65 | E12: 1 | I12: =I13 -> 651 | J12: =J13 -> 600.5 | K12: =K13 -> 565.3
A13: Расходы на выплаты по оплате труда высшего должностного лица | B13: 01 | C13: 02 | D13: 65 | E13: 1 | F13: 00 | G13: 41150 | I13: =I14 -> 651 | J13: =J14 -> 600.5 | K13: =K14 -> 565.3
A14: Расходы на выплаты персоналу в целях обеспечения выполнения функций государственными (муниципальными) органами, казенными учреждениями, органами управления государственными внебюджетными фондами | B14: 01 | C14: 02 | D14: 65 | E14: 1 | F14: 00 | G14: 41150 | H14: 100 | I14: =I15 -> 651 | J14: =J15 -> 600.5 | K14: =K15 -> 565.3
A15: Расходы на выплаты персоналу государственных (муниципальных) органов | B15: 01 | C15: 02 | D15: 65 | E15: 1 | F15: 00 | G15: 41150 | H15: 120 | I15: ='Приложение 1'!J15 -> 651 | J15: ='Приложение 1'!K15 -> 600.5 | K15: ='Приложение 1'!L15 -> 565.3
A16: Функционирование Правительства Российской Федерации, высших исполнительных органов государственной власти субъектов Российской Федерации, местных администраций | B16: 01 | C16: 04 | I16: =I17+I27 -> 2082.2 | J16: =J17+J27 -> 756.7 | K16: =K17+K27 -> 856.1
A17: ='Приложение 1'!A17 -> Обеспечение деятельности Администрации Белозерьевского сельского поселения Ромодановского муниципального района Республики Мордовия | B17: 01 | C17: 04 | D17: 65 | I17: =I18 -> 2080.5 | J17: =J18 -> 754.9 | K17: =K18 -> 854.2
A18: ='Приложение 1'!A18 -> Расходы в рамках обеспечения деятельности Администрации Белозерьевского сельского поселения | B18: 01 | C18: 04 | D18: 65 | E18: 2 | I18: =I19+I22 -> 2080.5 | J18: =J19+J22 -> 754.9 | K18: =K19+K22 -> 854.2
A19: Расходы на выплаты по оплате труда работников органов местного самоуправления | B19: 01 | C19: 04 | D19: 65 | E19: 2 | F19: 00 | G19: 41110 | I19: =I20 -> 513 | J19: =J20 -> 524.6 | K19: =K20 -> 520.8
A20: Расходы на выплаты персоналу в целях обеспечения выполнения функций государственными (муниципальными) органами, казенными учреждениями, органами управления государственными внебюджетными фондами | B20: 01 | C20: 04 | D20: 65 | E20: 2 | F20: 00 | G20: 41110 | H20: 100 | I20: =I21 -> 513 | J20: =J21 -> 524.6 | K20: =K21 -> 520.8
A21: Расходы на выплаты персоналу государственных (муниципальных) органов | B21: 01 | C21: 04 | D21: 65 | E21: 2 | F21: 00 | G21: 41110 | H21: 120 | I21: ='Приложение 1'!J21 -> 513 | J21: ='Приложение 1'!K21 -> 524.6 | K21: ='Приложение 1'!L21 -> 520.8
A22: Расходы на обеспечение функций органов местного самоуправления | B22: 01 | C22: 04 | D22: 65 | E22: 2 | F22: 00 | G22: 41120 | I22: =+I23+I25 -> 1567.5 | J22: =+J23+J25 -> 230.3 | K22: =+K23+K25 -> 333.4
A23: Закупка товаров, работ и услуг для обеспечения государственных (муниципальных) нужд | B23: 01 | C23: 04 | D23: 65 | E23: 2 | F23: 00 | G23: 41120 | H23: 200 | I23: =I24 -> 1555.5 | J23: =J24 -> 223.3 | K23: =K24 -> 331.4
A24: Иные закупки товаров, работ и услуг для обеспечения государственных (муниципальных) нужд | B24: 01 | C24: 04 | D24: 65 | E24: 2 | F24: 00 | G24: 41120 | H24: 240 | I24: ='Приложение 1'!J24 -> 1555.5 | J24: ='Приложение 1'!K24 -> 223.3 | K24: ='Приложение 1'!L24 -> 331.4
A25: Иные бюджетные ассигнования | B25: 01 | C25: 04 | D25: 65 | E25: 2 | F25: 00 | G25: 41120 | H25: 800 | I25: =I26 -> 12 | J25: =J26 -> 7 | K25: =K26 -> 2
A26: Уплата налогов, сборов и иных платежей | B26: 01 | C26: 04 | D26: 65 | E26: 2 | F26: 00 | G26: 41120 | H26: 850 | I26: ='Приложение 1'!J26 -> 12 | J26: ='Приложение 1'!K26 -> 7 | K26: ='Приложение 1'!L26 -> 2
A27: Непрограммные расходы главных распорядителей средств бюджета Белозерьевского сельского поселения Ромодановского муниципального района Республики Мордовия | B27: 01 | C27: 04 | D27: 89 | I27: =I28 -> 1.7 | J27: =J28 -> 1.8 | K27: =K28 -> 1.9
A28: Непрограммные расходы в рамках обеспечения деятельности главных распорядителей средств бюджета Белозерьевского сельского поселения Ромодановского муниципального района Республики Мордовия | B28: 01 | C28: 04 | D28: 89 | E28: 1 | I28: =I29 -> 1.7 | J28: =J29 -> 1.8 | K28: =K29 -> 1.9
A29: Осуществление государственных полномочий Республики Мордовия по определению перечня должностных лиц, уполномоченных составлять протоколы об административных правонарушениях, предусмотренных Законом Республики Мордовия от 15 июня 2015 года № 38-З "Об административной ответственности на территории Республики Мордовия" | B29: 01 | C29: 04 | D29: 89 | E29: 1 | F29: 00 | G29: 77150 | I29: =I30 -> 1.7 | J29: =J30 -> 1.8 | K29: =K30 -> 1.9
A30: Закупка товаров, работ и услуг для обеспечения государственных (муниципальных) нужд | B30: 01 | C30: 04 | D30: 89 | E30: 1 | F30: 00 | G30: 77150 | H30: 200 | I30: =I31 -> 1.7 | J30: =J31 -> 1.8 | K30: =K31 -> 1.9
A31: Иные закупки товаров, работ и услуг для обеспечения государственных (муниципальных) нужд | B31: 01 | C31: 04 | D31: 89 | E31: 1 | F31: 00 | G31: 77150 | H31: 240 | I31: ='Приложение 1'!J31 -> 1.7 | J31: ='Приложение 1'!K31 -> 1.8 | K31: ='Приложение 1'!L31 -> 1.9
A32: Резервные фонды | B32: 01 | C32: 11 | I32: =I33 -> 50 | J32: =J33 -> 50 | K32: =K33 -> 50
A33: Непрограммные расходы главных распорядителей средств бюджета Белозерьевского сельского поселения Ромодановского муниципального района Республики Мордовия | B33: 01 | C33: 11 | D33: 89 | I33: =I34 -> 50 | J33: =J34 -> 50 | K33: =K34 -> 50
A34: Непрограммные расходы в рамках обеспечения деятельности главных распорядителей средств бюджета Белозерьевскогоо сельского поселения Ромодановского муниципального района Республики Мордовия | B34: 01 | C34: 11 | D34: 89 | E34: 1 | I34: =I35 -> 50 | J34: =J35 -> 50 | K34: =K35 -> 50
A35: ='Приложение 1'!A35 -> Резервный фонд администрации Белозерьевского сельского поселени Ромодановского муниципального района Республики Мордовия | B35: 01 | C35: 11 | D35: 89 | E35: 1 | F35: 00 | G35: 41180 | I35: =I37 -> 50 | J35: =J37 -> 50 | K35: =K37 -> 50
A36: Иные бюджетные ассигнования | B36: 01 | C36: 11 | D36: 89 | E36: 1 | F36: 00 | G36: 41180 | H36: 800 | I36: =I37 -> 50 | J36: =J37 -> 50 | K36: =K37 -> 50
A37: Резервные средства | B37: 01 | C37: 11 | D37: 89 | E37: 1 | F37: 00 | G37: 41180 | H37: 870 | I37: ='Приложение 1'!J37 -> 50 | J37: ='Приложение 1'!K37 -> 50 | K37: ='Приложение 1'!L37 -> 50
A38: Национальная оборона | B38: 02 | I38: =I39 -> 297.8 | J38: =J39 -> 311.2 | K38: =K39 -> 321.4
A39: Мобилизационная и вневойсковая подготовка | B39: 02 | C39: 03 | I39: =I40 -> 297.8 | J39: =J40 -> 311.2 | K39: =K40 -> 321.4
A40: ='Приложение 1'!A40 -> Государственная программа повышения эффективности управления государственными финансами Республики Мордовия | B40: 02 | C40: 03 | D40: 17 | I40: =I41 -> 297.8 | J40: =J41 -> 311.2 | K40: =K41 -> 321.4
A41: Подпрограмма "Повышения эффективности межбюджетных отношений" | B41: 02 | C41: 03 | D41: 17 | E41: 3 | I41: =I42 -> 297.8 | J41: =J42 -> 311.2 | K41: =K42 -> 321.4
A42: Основное мероприятие "Обеспечение осуществления органами местного самоуправления отдельных государственных полномочий" | B42: 02 | C42: 03 | D42: 17 | E42: 3 | F42: 02 | I42: =I43 -> 297.8 | J42: =J43 -> 311.2 | K42: =K43 -> 321.4
A43: ='Приложение 1'!A43 -> Осуществление государственных полномочий Российской Федерации по первичного воинскому воинскому учету на территориях, где отсутствуют военные комиссариаты | B43: 02 | C43: 03 | D43: 17 | E43: 3 | F43: 02 | G43: 51180 | I43: =I46+I44 -> 297.8 | J43: =J46+J44 -> 311.2 | K43: =K46+K44 -> 321.4
A44: Расходы на выплаты персоналу в целях обеспечения выполнения функций государственными (муниципальными) органами, казенными учреждениями, органами управления государственными внебюджетными фондами | B44: 02 | C44: 03 | D44: 17 | E44: 3 | F44: 02 | G44: 51180 | H44: 100 | I44: =I45 -> 292.8 | J44: =J45 -> 306.2 | K44: =K45 -> 316.4
A45: Расходы на выплаты персоналу государственных (муниципальных) органов | B45: 02 | C45: 03 | D45: 17 | E45: 3 | F45: 02 | G45: 51180 | H45: 120 | I45: ='Приложение 1'!J45 -> 292.8 | J45: ='Приложение 1'!K45 -> 306.2 | K45: ='Приложение 1'!L45 -> 316.4
A46: Закупка товаров, работ и услуг для обеспечения государственных (муниципальных) нужд | B46: 02 | C46: 03 | D46: 17 | E46: 3 | F46: 02 | G46: 51180 | H46: 200 | I46: =I47 -> 5 | J46: =J47 -> 5 | K46: =K47 -> 5
A47: Иные закупки товаров, работ и услуг для обеспечения государственных (муниципальных) нужд | B47: 02 | C47: 03 | D47: 17 | E47: 3 | F47: 02 | G47: 51180 | H47: 240 | I47: ='Приложение 1'!J47 -> 5 | J47: ='Приложение 1'!K47 -> 5 | K47: ='Приложение 1'!L47 -> 5
A48: Национальная экономика | B48: 04 | I48: =I49 -> 200 | J48: =J49 -> 141.8 | K48: =K49 -> 141.8
A49: Дорожное хозяйство (дорожные фонды) | B49: 04 | C49: 09 | I49: =I50 -> 200 | J49: =J50 -> 141.8 | K49: =K50 -> 141.8
A50: ='Приложение 1'!A50 -> Муниципальная программа «Комплексного развития транспортной инфраструктуры Белозерьевского сельского поселения Ромодановского муниципального района Республики Мордовия на 2017- 2025 года" | B50: 04 | C50: 09 | D50: 13 | I50: =I51 -> 200 | J50: =J51 -> 141.8 | K50: =K51 -> 141.8
A51: Основное мероприятие "содействие развитию систем автомобильных дорог общего пользования ,регионального и межмуниципального,а так же местного значения" | B51: 04 | C51: 09 | D51: 13 | E51: 0 | F51: 01 | I51: =I52 -> 200 | J51: =J52 -> 141.8 | K51: =K52 -> 141.8
A52: ='Приложение 1'!A52 -> Иные межбюджетные трансферты на осуществление полномочий по дорожной деятельности в отношении автомобильных дорог местного значения в границах населенных пунктов поселения и обеспечению безопасности дорожного движения на них, включая создание и обеспечение функционирования парковок (парковочных мест), осуществлению муниципального контроля за сохранностью автомобильных дорог местного значения в границах населенных пунктов поселения, организации дорожного движения, а также осуществлению иных полномочий в области использования автомобильных дорог и осуществления дорожной деятельности в соответствии с законодательством Российской Федерации | B52: 04 | C52: 09 | D52: 13 | E52: 0 | F52: 01 | G52: 44102 | I52: =I53 -> 200 | J52: =J53 -> 141.8 | K52: =K53 -> 141.8
A53: Закупка товаров, работ и услуг для обеспечения государственных (муниципальных) нужд | B53: 04 | C53: 09 | D53: 13 | E53: 0 | F53: 01 | G53: 44102 | H53: 200 | I53: =I54 -> 200 | J53: =J54 -> 141.8 | K53: =K54 -> 141.8
A54: Иные закупки товаров, работ и услуг для обеспечения государственных (муниципальных) нужд | B54: 04 | C54: 09 | D54: 13 | E54: 0 | F54: 01 | G54: 44102 | H54: 240 | I54: ='Приложение 1'!J54 -> 200 | J54: ='Приложение 1'!L54 -> 141.8 | K54: ='Приложение 1'!L54 -> 141.8
A55: Жилищно-коммунальное хозяйство | B55: 05 | I55: =I56 -> 925 | J55: =J56 -> 397 | K55: =K56 -> 396.9
A56: Благоустройство | B56: 05 | C56: 03 | I56: =I57 -> 925 | J56: =J57 -> 397 | K56: =K57 -> 396.9
A57: ='Приложение 1'!A57 -> Муниципальная программа "Комплексного развития социальной инфраструктуры Белозерьевского сельского поселения Ромодановского муниципального района Республики Мордовия на 2018-2030 года" | B57: 05 | C57: 03 | D57: 10 | I57: =I58+I63 -> 925 | J57: =J58+J62 -> 397 | K57: =K58+K62 -> 396.9
A58: ='Приложение 1'!A58 -> Основное мероприятие "Благоустройство территории " | B58: 05 | C58: 03 | D58: 10 | E58: 0 | F58: 07 | I58: =I59 -> 550 | J58: =J59 -> 208.5 | K58: =K59 -> 203.4
A59: ='Приложение 1'!A59 -> Прочие мероприятия по благоустройству | B59: 05 | C59: 03 | D59: 10 | E59: 0 | F59: 07 | G59: 43040 | I59: =I60 -> 550 | J59: =J60 -> 208.5 | K59: =K60 -> 203.4
A60: Закупка товаров, работ и услуг для обеспечения государственных (муниципальных) нужд | B60: 05 | C60: 03 | D60: 10 | E60: 0 | F60: 07 | G60: 43040 | H60: 200 | I60: =I61 -> 550 | J60: =J61 -> 208.5 | K60: =K61 -> 203.4
A61: Иные закупки товаров, работ и услуг для обеспечения государственных (муниципальных) нужд | B61: 05 | C61: 03 | D61: 10 | E61: 0 | F61: 07 | G61: 43040 | H61: 240 | I61: ='Приложение 1'!J61 -> 550 | J61: ='Приложение 1'!K61 -> 208.5 | K61: ='Приложение 1'!L61 -> 203.4
A62: ='Приложение 1'!A62 -> Основное мероприятие " Освещение территории сельского поселения " | B62: 05 | C62: 03 | D62: 10 | E62: 0 | F62: 08 | I62: =I63 -> 375 | J62: =J63 -> 188.5 | K62: =K63 -> 193.5
A63: ='Приложение 1'!A63 -> Уличное освещение | B63: 05 | C63: 03 | D63: 10 | E63: 0 | F63: 08 | G63: 43010 | I63: =I64 -> 375 | J63: =J64 -> 188.5 | K63: =K64 -> 193.5
A64: Закупка товаров, работ и услуг для обеспечения государственных (муниципальных) нужд | B64: 05 | C64: 03 | D64: 10 | E64: 0 | F64: 08 | G64: 43010 | H64: 200 | I64: =I65 -> 375 | J64: =J65 -> 188.5 | K64: =K65 -> 193.5
A65: Иные закупки товаров, работ и услуг для обеспечения государственных (муниципальных) нужд | B65: 05 | C65: 03 | D65: 10 | E65: 0 | F65: 08 | G65: 43010 | H65: 240 | I65: ='Приложение 1'!J65 -> 375 | J65: ='Приложение 1'!K65 -> 188.5 | K65: ='Приложение 1'!L65 -> 193.5
A66: Социальная политика | B66: 10 | I66: =I67 -> 124.6 | J66: =J67 -> 124.6 | K66: =K67 -> 124.6
A67: Пенсионное обеспечение | B67: 10 | C67: 01 | I67: =I68 -> 124.6 | J67: =J68 -> 124.6 | K67: =K68 -> 124.6
A68: ='Приложение 1'!A68 -> Непрограммные расходы главных распорядителей средств бюджета Белозерьевского сельского поселения Ромодановского муниципального района Республики Мордовия | B68: 10 | C68: 01 | D68: 89 | I68: =I69 -> 124.6 | J68: =J69 -> 124.6 | K68: =K69 -> 124.6
A69: ='Приложение 1'!A69 -> Непрограммные расходы в рамках обеспечения деятельности главных распорядителей средств бюджета Белозерьевского сельского поселения Ромодановского муниципального района Республики Мордовия | B69: 10 | C69: 01 | D69: 89 | E69: 1 | I69: =I70 -> 124.6 | J69: =J70 -> 124.6 | K69: =K70 -> 124.6
A70: Доплаты к пенсиям муниципальных служащих Республики Мордовия | B70: 10 | C70: 01 | D70: 89 | E70: 1 | F70: 00 | G70: 03010 | I70: =I71 -> 124.6 | J70: =J71 -> 124.6 | K70: =K71 -> 124.6
A71: Социальное обеспечение и иные выплаты населению | B71: 10 | C71: 01 | D71: 89 | E71: 1 | F71: 00 | G71: 03010 | H71: 300 | I71: =I72 -> 124.6 | J71: =J72 -> 124.6 | K71: =K72 -> 124.6
A72: Публичные нормативные социальные выплаты гражданам | B72: 10 | C72: 01 | D72: 89 | E72: 1 | F72: 00 | G72: 03010 | H72: 310 | I72: ='Приложение 1'!J72 -> 124.6 | J72: ='Приложение 1'!K72 -> 124.6 | K72: ='Приложение 1'!L72 -> 124.6
A73: ='Приложение 1'!A73 -> Условно утвержденные расходы | B73: 99 | J73: ='Приложение 1'!K73 -> 50.5 | K73: ='Приложение 1'!L73 -> 101.3
A74: ='Приложение 1'!A74 -> Условно утвержденные расходы | B74: 99 | C74: 99 | J74: =J75 -> 50.5 | K74: =K75 -> 101.3
A75: ='Приложение 1'!A75 -> Обеспечение деятельности Администрации Белозерьевского сельского поселения Ромодановского муниципального района Республики Мордовия | B75: 99 | C75: 99 | D75: 65 | J75: ='Приложение 1'!K75 -> 50.5 | K75: ='Приложение 1'!L75 -> 101.3
A76: ='Приложение 1'!A76 -> Высшее должностное лицо | B76: 99 | C76: 99 | D76: 65 | E76: 1 | J76: ='Приложение 1'!K76 -> 50.5 | K76: ='Приложение 1'!L76 -> 101.3
A77: ='Приложение 1'!A77 -> Условно утвержденные расходы | B77: 99 | C77: 99 | D77: 65 | E77: 1 | F77: 00 | G77: 41990 | J77: ='Приложение 1'!K77 -> 50.5 | K77: ='Приложение 1'!L77 -> 101.3
A78: ='Приложение 1'!A78 -> Иные бюджетные ассигнования | B78: 99 | C78: 99 | D78: 65 | E78: 1 | F78: 00 | G78: 41990 | H78: 800 | J78: ='Приложение 1'!K78 -> 50.5 | K78: ='Приложение 1'!L78 -> 101.3
A79: ='Приложение 1'!A79 -> Резервные средства | B79: 99 | C79: 99 | D79: 65 | E79: 1 | F79: 00 | G79: 41990 | H79: 870 | J79: ='Приложение 1'!K79 -> 50.5 | K79: ='Приложение 1'!L79 -> 101.3

Sheet Приложение 3
I1: Приложение 3 к решению Совета депутатов Белозерьевского сельского поселения Ромодановского муниципального района Республики Мордовия «О внесении изменений в решение Совета депутатов Белозерьевского сельского поселения Ромодановского муниципального района Республики Мордовия от 29 декабря 2022 г № «О бюджете Беложерьевского сельского поселения Ромодановского муниципального района Республики Мордовия на 2023 год и на плановый период 2024 и 2025 годов»
I2: Приложение 5 к решению Совета депутатов Белозерьевского сельского поселения Ромодановского муниципального района Республики Мордовия «О бюджете Белозерьевского сельского поселения Ромодановского муниципального района Республики Мордовия на 2023 год и на плановый период 2024 и 2025 годов»
A3: РАСПРЕДЕЛЕНИЕ БЮДЖЕТНЫХ АССИГНОВАНИЙ БЮДЖЕТА БЕЛОЗЕРЬЕВСКОГО СЕЛЬСКОГО ПОСЕЛЕНИЯ РОМОДАНОВСКОГО МУНИЦИПАЛЬНОГО РАЙОНА РЕСПУБЛИКИ МОРДОВИЯ ПО ЦЕЛЕВЫМ СТАТЬЯМ (МУНИЦИПАЛЬНЫМ ПРОГРАММАМ И НЕПРОГРАММНЫМ НАПРАВЛЕНИЯМ ДЕЯТЕЛЬНОСТИ), ГРУППАМ И ПОДГРУППАМ ВИДОВ РАСХОДОВ, РАЗДЕЛАМ И ПОДРАЗДЕЛАМ КЛАССИФИКАЦИИ РАСХОДОВ БЮДЖЕТОВ НА 2023 ГОД И НА ПЛАНОВЫЙ ПЕРИОД 2024 И 2025 ГОДОВ
I4: (тыс. рублей)
A5: Наименование | B5: Цср | F5: ВР | G5: Рз | H5: Прз | I5: Адм | J5: Сумма
J6: 2023 год | K6: 2024 год | L6: 2025 год
A7: 1 | B7: 2 | C7: 3 | D7: 4 | E7: 5 | F7: 6 | G7: 7 | H7: 8 | I7: 9 | J7: 10 | K7: 11 | L7: 12
A8: ВСЕГО | J8: =J9+J24+J32+J46+J78 -> 4330.6 | K8: =K9+K24+K32+K46+K78 -> 2432.3 | L8: =L9+L24+L32+L46+L78 -> 2557.4
A9: ='Приложение 1'!A57 -> Муниципальная программа "Комплексного развития социальной инфраструктуры Белозерьевского сельского поселения Ромодановского муниципального района Республики Мордовия на 2018-2030 года" | B9: 10 | J9: =J10+J17 -> 925 | K9: =K10+K17 -> 397 | L9: =L10+L17 -> 396.9
A10: ='Приложение 1'!A58 -> Основное мероприятие "Благоустройство территории " | B10: 10 | C10: 0 | D10: 07 | J10: =J11 -> 550 | K10: =K11 -> 208.5 | L10: =L11 -> 203.4
A11: ='Приложение 1'!A59 -> Прочие мероприятия по благоустройству | B11: 10 | C11: 0 | D11: 07 | E11: 43040 | J11: =J12 -> 550 | K11: =K12 -> 208.5 | L11: =L12 -> 203.4
A12: Закупка товаров, работ и услуг для обеспечения государственных (муниципальных) нужд | B12: 10 | C12: 0 | D12: 07 | E12: 43040 | F12: 200 | J12: =J13 -> 550 | K12: =K13 -> 208.5 | L12: =L13 -> 203.4
A13: Иные закупки товаров, работ и услуг для обеспечения государственных (муниципальных) нужд | B13: 10 | C13: 0 | D13: 07 | E13: 43040 | F13: 240 | J13: =J14 -> 550 | K13: =K14 -> 208.5 | L13: =L14 -> 203.4
A14: Жилищно-коммунальное хозяйство | B14: 10 | C14: 0 | D14: 07 | E14: 43040 | F14: 240 | G14: 05 | J14: =J15 -> 550 | K14: =K15 -> 208.5 | L14: =L15 -> 203.4
A15: Благоустройство | B15: 10 | C15: 0 | D15: 07 | E15: 43040 | F15: 240 | G15: 05 | H15: 03 | J15: =J16 -> 550 | K15: =K16 -> 208.5 | L15: =L16 -> 203.4
A16: Администрация Белозерьевского сельского поселения Ромодановского муниципального района Республики Мордовия | B16: 10 | C16: 0 | D16: 07 | E16: 43040 | F16: 240 | G16: 05 | H16: 03 | I16: 911 | J16: ='Приложение 1'!J61 -> 550 | K16: ='Приложение 1'!K61 -> 208.5 | L16: ='Приложение 1'!L61 -> 203.4
A17: ='Приложение 1'!A62 -> Основное мероприятие " Освещение территории сельского поселения " | B17: 10 | C17: 0 | D17: 08 | J17: =J18 -> 375 | K17: =K18 -> 188.5 | L17: =L18 -> 193.5
A18: ='Приложение 1'!A63 -> Уличное освещение | B18: 10 | C18: 0 | D18: 08 | E18: 43010 | J18: =J19 -> 375 | K18: =K19 -> 188.5 | L18: =L19 -> 193.5
A19: Закупка товаров, работ и услуг для обеспечения государственных (муниципальных) нужд | B19: 10 | C19: 0 | D19: 08 | E19: 43010 | F19: 200 | J19: =J20 -> 375 | K19: =K20 -> 188.5 | L19: =L20 -> 193.5
A20: Иные закупки товаров, работ и услуг для обеспечения государственных (муниципальных) нужд | B20: 10 | C20: 0 | D20: 08 | E20: 43010 | F20: 240 | J20: =J21 -> 375 | K20: =K21 -> 188.5 | L20: =L21 -> 193.5
A21: Жилищно-коммунальное хозяйство | B21: 10 | C21: 0 | D21: 08 | E21: 43010 | F21: 240 | G21: 05 | J21: =J22 -> 375 | K21: =K22 -> 188.5 | L21: =L22 -> 193.5
A22: Благоустройство | B22: 10 | C22: 0 | D22: 08 | E22: 43010 | F22: 240 | G22: 05 | H22: 03 | J22: =J23 -> 375 | K22: =K23 -> 188.5 | L22: =L23 -> 193.5
A23: Администрация Белозерьевского сельского поселения Ромодановского муниципального района Республики Мордовия | B23: 10 | C23: 0 | D23: 08 | E23: 43010 | F23: 240 | G23: 05 | H23: 03 | I23: 911 | J23: ='Приложение 1'!J65 -> 375 | K23: ='Приложение 1'!K65 -> 188.5 | L23: ='Приложение 1'!L65 -> 193.5
A24: ='Приложение 1'!A50 -> Муниципальная программа «Комплексного развития транспортной инфраструктуры Белозерьевского сельского поселения Ромодановского муниципального района Республики Мордовия на 2017- 2025 года" | B24: 13 | J24: =J25 -> 200 | K24: =K25 -> 141.8 | L24: =L25 -> 141.8
A25: Основное мероприятие "содействие развитию систем автомобильных дорог общего пользования,регионального и или межмуниципального,а так же местного значения" | B25: 13 | C25: 0 | D25: 01 | J25: =J26 -> 200 | K25: =K26 -> 141.8 | L25: =L26 -> 141.8
A26: ='Приложение 1'!A52 -> Иные межбюджетные трансферты на осуществление полномочий по дорожной деятельности в отношении автомобильных дорог местного значения в границах населенных пунктов поселения и обеспечению безопасности дорожного движения на них, включая создание и обеспечение функционирования парковок (парковочных мест), осуществлению муниципального контроля за сохранностью автомобильных дорог местного значения в границах населенных пунктов поселения, организации дорожного движения, а также осуществлению иных полномочий в области использования автомобильных дорог и осуществления дорожной деятельности в соответствии с законодательством Российской Федерации | B26: 13 | C26: 0 | D26: 01 | E26: 44102 | J26: =J27 -> 200 | K26: =K27 -> 141.8 | L26: =L27 -> 141.8
A27: Закупка товаров, работ и услуг для обеспечения государственных (муниципальных) нужд | B27: 13 | C27: 0 | D27: 01 | E27: 44102 | F27: 200 | J27: =J28 -> 200 | K27: =K28 -> 141.8 | L27: =L28 -> 141.8
A28: Иные закупки товаров, работ и услуг для обеспечения государственных (муниципальных) нужд | B28: 13 | C28: 0 | D28: 01 | E28: 44102 | F28: 240 | J28: =J29 -> 200 | K28: =K29 -> 141.8 | L28: =L29 -> 141.8
A29: Национальная экономика | B29: 13 | C29: 0 | D29: 01 | E29: 44102 | F29: 240 | G29: 04 | J29: =J30 -> 200 | K29: =K30 -> 141.8 | L29: =L30 -> 141.8
A30: ='Приложение 1'!A49 -> Дорожное хозяйство (дорожные фонды) | B30: 13 | C30: 0 | D30: 01 | E30: 44102 | F30: 240 | G30: 04 | H30: 09 | J30: =J31 -> 200 | K30: =K31 -> 141.8 | L30: =L31 -> 141.8
A31: Администрация Белозерьевского сельского поселения Ромодановского муниципального района Республики Мордовия | B31: 13 | C31: 0 | D31: 01 | E31: 44102 | F31: 240 | G31: 04 | H31: 09 | I31: 911 | J31: ='Приложение 1'!J54 -> 200 | K31: ='Приложение 1'!K54 -> 141.8 | L31: ='Приложение 1'!L54 -> 141.8
A32: ='Приложение 1'!A40 -> Государственная программа повышения эффективности управления государственными финансами Республики Мордовия | B32: 17 | J32: =J33 -> 297.8 | K32: =K33 -> 311.2 | L32: =L33 -> 321.4
A33: Подпрограмма "Повышения эффективности межбюджетных отношений" | B33: 17 | C33: 3 | J33: =J34 -> 297.8 | K33: =K34 -> 311.2 | L33: =L34 -> 321.4
A34: Основное мероприятие "Обеспечение осуществления органами местного самоуправления отдельных государственных полномочий" | B34: 17 | C34: 3 | D34: 02 | J34: =J35 -> 297.8 | K34: =K35 -> 311.2 | L34: =L35 -> 321.4
A35: ='Приложение 1'!A43 -> Осуществление государственных полномочий Российской Федерации по первичного воинскому воинскому учету на территориях, где отсутствуют военные комиссариаты | B35: 17 | C35: 3 | D35: 02 | E35: 51180 | J35: =J41+J36 -> 297.8 | K35: =K41+K36 -> 311.2 | L35: =L41+L36 -> 321.4
A36: Расходы на выплаты персоналу в целях обеспечения выполнения функций государственными (муниципальными) органами, казенными учреждениями, органами управления государственными внебюджетными фондами | B36: 17 | C36: 3 | D36: 02 | E36: 51180 | F36: 100 | J36: =J37 -> 292.8 | K36: =K37 -> 306.2 | L36: =L37 -> 316.4
A37: Расходы на выплаты персоналу государственных (муниципальных) органов | B37: 17 | C37: 3 | D37: 02 | E37: 51180 | F37: 120 | J37: =J38 -> 292.8 | K37: =K38 -> 306.2 | L37: =L38 -> 316.4
A38: Национальная оборона | B38: 17 | C38: 3 | D38: 02 | E38: 51180 | F38: 120 | G38: 02 | J38: =J39 -> 292.8 | K38: =K39 -> 306.2 | L38: =L39 -> 316.4
A39: Мобилизационная и вневойсковая подготовка | B39: 17 | C39: 3 | D39: 02 | E39: 51180 | F39: 120 | G39: 02 | H39: 03 | J39: =J40 -> 292.8 | K39: =K40 -> 306.2 | L39: =L40 -> 316.4
A40: Администрация Белозерьевского сельского поселения Ромодановского муниципального района Республики Мордовия | B40: 17 | C40: 3 | D40: 02 | E40: 51180 | F40: 120 | G40: 02 | H40: 03 | I40: 911 | J40: ='Приложение 1'!J45 -> 292.8 | K40: ='Приложение 1'!K45 -> 306.2 | L40: ='Приложение 1'!L45 -> 316.4
A41: Закупка товаров, работ и услуг для обеспечения государственных (муниципальных) нужд | B41: 17 | C41: 3 | D41: 02 | E41: 51180 | F41: 200 | J41: =J42 -> 5 | K41: =K42 -> 5 | L41: =L42 -> 5
A42: Иные закупки товаров, работ и услуг для обеспечения государственных (муниципальных) нужд | B42: 17 | C42: 3 | D42: 02 | E42: 51180 | F42: 240 | J42: =J43 -> 5 | K42: =K43 -> 5 | L42: =L43 -> 5
A43: Национальная оборона | B43: 17 | C43: 3 | D43: 02 | E43: 51180 | F43: 240 | G43: 02 | J43: =J44 -> 5 | K43: =K44 -> 5 | L43: =L44 -> 5
A44: Мобилизация и вневойсковая подготовка | B44: 17 | C44: 3 | D44: 02 | E44: 51180 | F44: 240 | G44: 02 | H44: 03 | J44: =J45 -> 5 | K44: =K45 -> 5 | L44: =L45 -> 5
A45: Администрация Белозерьевского сельского поселения Ромодановского муниципального района Республики Мордовия | B45: 17 | C45: 3 | D45: 02 | E45: 51180 | F45: 240 | G45: 02 | H45: 03 | I45: 911 | J45: ='Приложение 1'!J47 -> 5 | K45: ='Приложение 1'!K47 -> 5 | L45: ='Приложение 1'!L47 -> 5
A46: ='Приложение 1'!A11 -> Обеспечение деятельности Администрации Белозерьевского сельского поселения Ромодановского муниципального района Республики Мордовия | B46: 65 | J46: =J47+J60 -> 2731.5 | K46: =K47+K60 -> 1405.9 | L46: =L47+L60 -> 1520.8
A47: Высшее должностное лицо | B47: 65 | C47: 1 | J47: =J48 -> 651 | K47: =K48+K54 -> 651 | L47: =L48+L54 -> 666.6
A48: Расходы на выплаты по оплате труда высшего должностного лица | B48: 65 | C48: 1 | D48: 00 | E48: 41150 | J48: =J49 -> 651 | K48: =K49 -> 600.5 | L48: =L49 -> 565.3
A49: Расходы на выплаты персоналу в целях обеспечения выполнения функций государственными (муниципальными) органами, казенными учреждениями, органами управления государственными внебюджетными фондами | B49: 65 | C49: 1 | D49: 00 | E49: 41150 | F49: 100 | J49: =J50 -> 651 | K49: =K50 -> 600.5 | L49: =L50 -> 565.3
A50: Расходы на выплаты персоналу государственных (муниципальных) органов | B50: 65 | C50: 1 | D50: 00 | E50: 41150 | F50: 120 | J50: =J51 -> 651 | K50: =K51 -> 600.5 | L50: =L51 -> 565.3
A51: Общегосударственные вопросы | B51: 65 | C51: 1 | D51: 00 | E51: 41150 | F51: 120 | G51: 01 | J51: =J52 -> 651 | K51: =K52 -> 600.5 | L51: =L52 -> 565.3
A52: Функционирование высшего должностного лица субъекта Российской Федерации и муниципального образования | B52: 65 | C52: 1 | D52: 00 | E52: 41150 | F52: 120 | G52: 01 | H52: 02 | J52: =J53 -> 651 | K52: =K53 -> 600.5 | L52: =L53 -> 565.3
A53: Администрация Белозерьевского сельского поселения Ромодановского муниципального района Республики Мордовия | B53: 65 | C53: 1 | D53: 00 | E53: 41150 | F53: 120 | G53: 01 | H53: 02 | I53: 911 | J53: ='Приложение 1'!J15 -> 651 | K53: ='Приложение 1'!K15 -> 600.5 | L53: ='Приложение 1'!L15 -> 565.3
A54: ='Приложение 2'!A77 -> Условно утвержденные расходы | B54: 65 | C54: 1 | D54: 00 | E54: 41990 | K54: =K55 -> 50.5 | L54: =L55 -> 101.3
A55: ='Приложение 2'!A78 -> Иные бюджетные ассигнования | B55: 65 | C55: 1 | D55: 00 | E55: 41990 | F55: 800 | K55: =K56 -> 50.5 | L55: =L56 -> 101.3
A56: ='Приложение 2'!A79 -> Резервные средства | B56: 65 | C56: 1 | D56: 00 | E56: 41990 | F56: 870 | K56: =K57 -> 50.5 | L56: =L57 -> 101.3
A57: ='Приложение 2'!#REF! -> #REF! | B57: 65 | C57: 1 | D57: 00 | E57: 41990 | F57: 870 | G57: 99 | K57: =K58 -> 50.5 | L57: =L58 -> 101.3
A58: ='Приложение 2'!#REF! -> #REF! | B58: 65 | C58: 1 | D58: 00 | E58: 41990 | F58: 870 | G58: 99 | H58: 99 | K58: =K59 -> 50.5 | L58: =L59 -> 101.3
A59: Администрация Белозерьевского сельского поселения Ромодановского муниципального района Республики Мордовия | B59: 65 | C59: 1 | D59: 00 | E59: 41990 | F59: 870 | G59: 99 | H59: 99 | I59: 911 | K59: ='Приложение 2'!J79 -> 50.5 | L59: ='Приложение 2'!K79 -> 101.3
A60: ='Приложение 1'!A18 -> Расходы в рамках обеспечения деятельности Администрации Белозерьевского сельского поселения | B60: 65 | C60: 2 | J60: =J61+J67 -> 2080.5 | K60: =K61+K67 -> 754.9 | L60: =L61+L67 -> 854.2
A61: Расходы на выплаты по оплате труда работников органов местного самоуправления | B61: 65 | C61: 2 | D61: 00 | E61: 41110 | J61: =J62 -> 513 | K61: =K62 -> 524.6 | L61: =L62 -> 520.8
A62: Расходы на выплаты персоналу в целях обеспечения выполнения функций государственными (муниципальными) органами, казенными учреждениями, органами управления государственными внебюджетными фондами | B62: 65 | C62: 2 | D62: 00 | E62: 41110 | F62: 100 | J62: =J63 -> 513 | K62: =K63 -> 524.6 | L62: =L63 -> 520.8
A63: Расходы на выплаты персоналу государственных (муниципальных) органов | B63: 65 | C63: 2 | D63: 00 | E63: 41110 | F63: 120 | J63: =J64 -> 513 | K63: =K64 -> 524.6 | L63: =L64 -> 520.8
A64: Общегосударственные вопросы | B64: 65 | C64: 2 | D64: 00 | E64: 41110 | F64: 120 | G64: 01 | J64: =J65 -> 513 | K64: =K65 -> 524.6 | L64: =L65 -> 520.8
A65: Функционирование Правительства Российской Федерации, высших исполнительных органов государственной власти субъектов Российской Федерации, местных администраций | B65: 65 | C65: 2 | D65: 00 | E65: 41110 | F65: 120 | G65: 01 | H65: 04 | J65: =J66 -> 513 | K65: =K66 -> 524.6 | L65: =L66 -> 520.8
A66: Администрация Белозерьевского сельского поселения Ромодановского муниципального района Республики Мордовия | B66: 65 | C66: 2 | D66: 00 | E66: 41110 | F66: 120 | G66: 01 | H66: 04 | I66: 911 | J66: ='Приложение 1'!J21 -> 513 | K66: ='Приложение 1'!K21 -> 524.6 | L66: ='Приложение 1'!L21 -> 520.8
A67: ='Приложение 1'!A22 -> Расходы на обеспечение функций органов местного самоуправления | B67: 65 | C67: 2 | D67: 00 | E67: 41120 | J67: =J68+J73 -> 1567.5 | K67: =K68+K73 -> 230.3 | L67: =L68+L73 -> 333.4
A68: Закупка товаров, работ и услуг для обеспечения государственных (муниципальных) нужд | B68: 65 | C68: 2 | D68: 00 | E68: 41120 | F68: 200 | J68: =J69 -> 1555.5 | K68: =K69 -> 223.3 | L68: =L69 -> 331.4
A69: Иные закупки товаров, работ и услуг для обеспечения государственных (муниципальных) нужд | B69: 65 | C69: 2 | D69: 00 | E69: 41120 | F69: 240 | J69: =J70 -> 1555.5 | K69: =K70 -> 223.3 | L69: =L70 -> 331.4
A70: Общегосударственные вопросы | B70: 65 | C70: 2 | D70: 00 | E70: 41120 | F70: 240 | G70: 01 | J70: =J71 -> 1555.5 | K70: =K71 -> 223.3 | L70: =L71 -> 331.4
A71: Функционирование Правительства Российской Федерации, высших исполнительных органов государственной власти субъектов Российской Федерации, местных администраций | B71: 65 | C71: 2 | D71: 00 | E71: 41120 | F71: 240 | G71: 01 | H71: 04 | J71: =J72 -> 1555.5 | K71: =K72 -> 223.3 | L71: =L72 -> 331.4
A72: Администрация Белозерьевского сельского поселения Ромодановского муниципального района Республики Мордовия | B72: 65 | C72: 2 | D72: 00 | E72: 41120 | F72: 240 | G72: 01 | H72: 04 | I72: 911 | J72: ='Приложение 1'!J24 -> 1555.5 | K72: ='Приложение 1'!K24 -> 223.3 | L72: ='Приложение 1'!L24 -> 331.4
A73: Иные бюджетные ассигнования | B73: 65 | C73: 2 | D73: 00 | E73: 41120 | F73: 800 | J73: =J74 -> 12 | K73: =K74 -> 7 | L73: =L74 -> 2
A74: Уплата налогов, сборов и иных платежей | B74: 65 | C74: 2 | D74: 00 | E74: 41120 | F74: 850 | J74: =J75 -> 12 | K74: =K75 -> 7 | L74: =L75 -> 2
A75: Общегосударственные вопросы | B75: 65 | C75: 2 | D75: 00 | E75: 41120 | F75: 850 | G75: 01 | J75: =J76 -> 12 | K75: =K76 -> 7 | L75: =L76 -> 2
A76: Функционирование Правительства Российской Федерации, высших исполнительных органов государственной власти субъектов Российской Федерации, местных администраций | B76: 65 | C76: 2 | D76: 00 | E76: 41120 | F76: 850 | G76: 01 | H76: 04 | J76: =J77 -> 12 | K76: =K77 -> 7 | L76: =L77 -> 2
A77: Администрация Белозерьевского сельского поселения Ромодановского муниципального района Республики Мордовия | B77: 65 | C77: 2 | D77: 00 | E77: 41120 | F77: 850 | G77: 01 | H77: 04 | I77: 911 | J77: ='Приложение 1'!J26 -> 12 | K77: ='Приложение 1'!K26 -> 7 | L77: ='Приложение 1'!L26 -> 2
A78: ='Приложение 1'!A68 -> Непрограммные расходы главных распорядителей средств бюджета Белозерьевского сельского поселения Ромодановского муниципального района Республики Мордовия | B78: 89 | J78: =J79 -> 176.3 | K78: =K79 -> 176.4 | L78: =L79 -> 176.5
A79: ='Приложение 1'!A69 -> Непрограммные расходы в рамках обеспечения деятельности главных распорядителей средств бюджета Белозерьевского сельского поселения Ромодановского муниципального района Республики Мордовия | B79: 89 | C79: 1 | J79: =J80+J86+J92 -> 176.3 | K79: =K80+K86+K92 -> 176.4 | L79: =L80+L86+L92 -> 176.5
A80: ='Приложение 1'!A70 -> Доплаты к пенсиям муниципальных служащих Республики Мордовия | B80: 89 | C80: 1 | D80: 00 | E80: 03010 | J80: =J81 -> 124.6 | K80: =K81 -> 124.6 | L80: =L81 -> 124.6
A81: ='Приложение 1'!A71 -> Социальное обеспечение и иные выплаты населению | B81: 89 | C81: 1 | D81: 00 | E81: 03010 | F81: 300 | J81: =J82 -> 124.6 | K81: =K82 -> 124.6 | L81: =L82 -> 124.6
A82: ='Приложение 1'!A72 -> Публичные нормативные социальные выплаты гражданам | B82: 89 | C82: 1 | D82: 00 | E82: 03010 | F82: 310 | J82: =J83 -> 124.6 | K82: =K83 -> 124.6 | L82: =L83 -> 124.6
A83: ='Приложение 1'!A66 -> Социальная политика | B83: 89 | C83: 1 | D83: 00 | E83: 03010 | F83: 310 | G83: 10 | J83: =J84 -> 124.6 | K83: =K84 -> 124.6 | L83: =L84 -> 124.6
A84: ='Приложение 1'!A67 -> Пенсионное обеспечение | B84: 89 | C84: 1 | D84: 00 | E84: 03010 | F84: 310 | G84: 10 | H84: 01 | J84: =J85 -> 124.6 | K84: =K85 -> 124.6 | L84: =L85 -> 124.6
A85: =A77 -> Администрация Белозерьевского сельского поселения Ромодановского муниципального района Республики Мордовия | B85: 89 | C85: 1 | D85: 00 | E85: 03010 | F85: 310 | G85: 10 | H85: 01 | I85: 911 | J85: ='Приложение 1'!J72 -> 124.6 | K85: ='Приложение 1'!K72 -> 124.6 | L85: ='Приложение 1'!L72 -> 124.6
A86: Резервный фонд администрации Белозерьевского сельского поселения Ромодановского муниципального района Республики Мордовия | B86: 89 | C86: 1 | D86: 00 | E86: 41180 | J86: =J87 -> 50 | K86: =K87 -> 50 | L86: =L87 -> 50
A87: ='Приложение 1'!A36 -> Иные бюджетные ассигнования | B87: 89 | C87: 1 | D87: 00 | E87: 41180 | F87: 800 | J87: =J88 -> 50 | K87: =K88 -> 50 | L87: =L88 -> 50
A88: Резервные средства | B88: 89 | C88: 1 | D88: 00 | E88: 41180 | F88: 870 | J88: =J89 -> 50 | K88: =K89 -> 50 | L88: =L89 -> 50
A89: Общегосударственные вопросы | B89: 89 | C89: 1 | D89: 00 | E89: 41180 | F89: 870 | G89: 01 | J89: =J90 -> 50 | K89: =K90 -> 50 | L89: =L90 -> 50
A90: Резервные фонды | B90: 89 | C90: 1 | D90: 00 | E90: 41180 | F90: 870 | G90: 01 | H90: 11 | J90: =J91 -> 50 | K90: =K91 -> 50 | L90: =L91 -> 50
A91: =A97 -> Администрация Белозерьевского сельского поселения Ромодановского муниципального района Республики Мордовия | B91: 89 | C91: 1 | D91: 00 | E91: 41180 | F91: 870 | G91: 01 | H91: 11 | I91: 911 | J91: 50 | K91: 50 | L91: 50
A92: ='Приложение 1'!A29 -> Осуществление государственных полномочий Республики Мордовия по определению перечня должностных лиц, уполномоченных составлять протоколы об административных правонарушениях, предусмотренных Законом Республики Мордовия от 15 июня 2015 года № 38-З "Об административной ответственности на территории Республики Мордовия" | B92: 89 | C92: 1 | D92: 00 | E92: 77150 | J92: =J93 -> 1.7 | K92: =K94 -> 1.8 | L92: =L93 -> 1.9
A93: ='Приложение 1'!A30 -> Закупка товаров, работ и услуг для обеспечения государственных (муниципальных) нужд | B93: 89 | C93: 1 | D93: 00 | E93: 77150 | F93: 200 | J93: =J94 -> 1.7 | K93: =K94 -> 1.8 | L93: =L94 -> 1.9
A94: ='Приложение 1'!A31 -> Иные закупки товаров, работ и услуг для обеспечения государственных (муниципальных) нужд | B94: 89 | C94: 1 | D94: 00 | E94: 77150 | F94: 240 | J94: =J95 -> 1.7 | K94: =K96 -> 1.8 | L94: =L95 -> 1.9
A95: ='Приложение 1'!A9 -> Общегосударственные вопросы | B95: 89 | C95: 1 | D95: 00 | E95: 77150 | F95: 240 | G95: 01 | J95: =J96 -> 1.7 | K95: =K96 -> 1.8 | L95: =L96 -> 1.9
A96: ='Приложение 1'!A16 -> Функционирование Правительства Российской Федерации, высших исполнительных органов государственной власти субъектов Российской Федерации, местных администраций | B96: 89 | C96: 1 | D96: 00 | E96: 77150 | F96: 240 | G96: 01 | H96: 04 | J96: =J97 -> 1.7 | K96: =K97 -> 1.8 | L96: =L97 -> 1.9
A97: Администрация Белозерьевского сельского поселения Ромодановского муниципального района Республики Мордовия | B97: 89 | C97: 1 | D97: 00 | E97: 77150 | F97: 240 | G97: 01 | H97: 04 | I97: 911 | J97: ='Приложение 1'!J31 -> 1.7 | K97: ='Приложение 1'!K31 -> 1.8 | L97: ='Приложение 1'!L31 -> 1.9

Sheet прил 4
C1: Приложение 4 к решению Совета депутатов Белозерьевского сельского поселения Ромодановского муниципального района Республики Мордовия «О внесении изменений в решение Совета депутатов Белозерьевского сельского поселения Ромодановского муниципального района Республики Мордовия от 29 декабря 2022 г № «О бюджете Беложерьевского сельского поселения Ромодановского муниципального района Республики Мордовия на 2023 год и на плановый период 2024 и 2025 годов»
C2: Приложение 6 к решению Совета депутатов Белозерьевского сельского поселения Ромодановского муниципального района Республики Мордовия «О бюджете Белозерьевского сельского поселения Ромодановского муниципального района Республики Мордовия на 2023 год и на плановый период 2024 и 2025 годов»
A3: ИСТОЧНИКИ ВНУТРЕННЕГО ФИНАНСИРОВАНИЯ ДЕФИЦИТА БЮДЖЕТА БЕЛОЗЕРЬЕВСКОГО СЕЛЬСКОГО ПОСЕЛЕНИЯ РОМОДАНОВСКОГО МУНИЦИПАЛЬНОГО РАЙОНА РЕСПУБЛИКИ МОРДОВИЯ НА 2023 ГОД И НА ПЛАНОВЫЙ ПЕРИОД 2024 и 2025 ГОДОВ
A7: Код | B7: Наименование кода группы, подгруппы, статьи, вида источника финансирования дефицитов бюджетов, кода классификации операций сектора государственного управления, относящихся к источникам финансирования дефицитов бюджетов Российской Федерации | C7: Сумма (тыс. руб.)
C8: 2023 год | D8: 2024 год | E8: 2025 год
A9: 1 | B9: 2 | C9: 3 | D9: 4 | E9: 5
A10: 000 01 00 00 00 00 0000 000 | B10: ИСТОЧНИКИ ВНУТРЕННЕГО ФИНАНСИРОВАНИЯ ДЕФИЦИТОВ БЮДЖЕТОВ | C10: =C11+C22+C14+C18 -> 1354.2 | D10: =D11+D22+D14+D18 -> 0 | E10: =E11+E22+E14+E18 -> 0
A11: 000 01 02 00 00 00 0000 000 | B11: Кредиты кредитных организаций в валюте Российской Федерации | C11: =SUM(C12) -> 0 | D11: =SUM(D12) -> 0 | E11: =SUM(E12) -> 0
A12: 000 01 02 00 00 00 0000 700 | B12: Привлечение кредитов от кредитных организаций в валюте Российской Федерации | C12: =SUM(C13) -> 0 | D12: =SUM(D13) -> 0 | E12: =SUM(E13) -> 0
A13: 000 01 02 00 00 05 0000 710 | B13: Привлечение кредитов от кредитных организаций бюджетами муниципальных районов в валюте Российской Федерации | C13: 0 | D13: 0 | E13: 0
A14: 000 01 03 00 00 00 0000 000 | B14: Бюджетные кредиты из других бюджетов бюджетной системы Российской Федерации | C14: =C15 -> 0 | D14: =D15 -> 0 | E14: =E15 -> 0
A15: 000 01 03 01 00 00 0000 000 | B15: Бюджетные кредиты из других бюджетов бюджетной системы Российской Федерации в валюте Российской Федерации | C15: =C16 -> 0 | D15: =D16 -> 0 | E15: =E16 -> 0
A16: 000 01 03 01 00 00 0000 800 | B16: Погашение бюджетных кредитов, полученных из других бюджетов бюджетной системы Российской Федерации в валюте Российской Федерации | C16: =SUM(C17) -> 0 | D16: =SUM(D17) -> 0 | E16: =SUM(E17) -> 0
A17: 000 01 03 01 00 05 0000 810 | B17: Погашение бюджетами муниципальных районов кредитов из других бюджетов бюджетной системы Российской Федерации в валюте Российской Федерации | C17: 0 | D17: 0 | E17: 0
A18: 000 01 06 00 00 00 0000 000 | B18: Иные источники внутреннего финансирования дефицитов бюджетов | C18: =C19 -> 0 | D18: =D19 -> 0 | E18: =E19 -> 0
A19: 000 01 06 05 00 00 0000 000 | B19: Бюджетные кредиты, предоставленные внутри страны в валюте Российской Федерации | C19: =C20 -> 0 | D19: =D20 -> 0 | E19: =E20 -> 0
A20: 000 01 06 05 02 00 0000 600 | B20: Возврат бюджетных кредитов, предоставленных другим бюджетам бюджетной системы Российской Федерации в валюте Российской Федерации | C20: =C21 -> 0 | D20: =D21 -> 0 | E20: =E21 -> 0
A21: 000 01 06 05 02 05 0000 640 | B21: Возврат бюджетных кредитов, предоставленных другим бюджетам бюджетной системы Российской Федерации из бюджетов муниципальных районов в валюте Российской Федерации
A22: 000 01 05 00 00 00 0000 000 | B22: Изменения остатков средств на счетах по учету средств бюджета | C22: =C25+C26 -> 1354.2 | D22: =D25+D26 -> 0 | E22: =E25+E26 -> 0
A23: 000 01 05 02 00 00 0000 500 | B23: Увеличение прочих остатков средств бюджетов | C23: =SUM(C24) -> -2976.4 | D23: =SUM(D24) -> -2432.3 | E23: =SUM(E24) -> -2557.4
A24: 000 01 05 02 01 00 0000 510 | B24: Увеличение прочих остатков денежных средств бюджетов | C24: =SUM(C25) -> -2976.4 | D24: =SUM(D25) -> -2432.3 | E24: =SUM(E25) -> -2557.4
A25: 000 01 05 02 01 10 0000 510 | B25: Увеличение прочих остатков денежных средств бюджетов сельских поселений | C25: -2976.4 | D25: -2432.3 | E25: -2557.4
A26: 000 01 05 02 00 00 0000 600 | B26: Уменьшение прочих остатков средств бюджетов | C26: =SUM(C27) -> 4330.6 | D26: =SUM(D27) -> 2432.3 | E26: =SUM(E27) -> 2557.4
A27: 000 01 05 02 01 00 0000 610 | B27: Уменьшение прочих остатков денежных средств бюджетов | C27: =SUM(C28) -> 4330.6 | D27: =SUM(D28) -> 2432.3 | E27: =SUM(E28) -> 2557.4
A28: 000 01 05 02 01 05 0000 610 | B28: Уменьшение прочих остатков денежных средств бюджетов муниципальных районов | C28: ='Приложение 1'!J8 -> 4330.6 | D28: 2432.3 | E28: 2557.4
A29: 000 01 00 00 00 00 0000 000 | B29: Итого источников внутреннего финансирования дефицита бюджета Белозерьевского сельского поселения Ромодановского муниципального района Республики Мордовия | C29: 0 | D29: 0 | E29: 0
B30: собственные доходы | C30: 1456.8 | D30: 1467 | E30: 1474.9
